 Dungeon Crawl Stone Soup version 0.24.0-13-gcf9b319 (webtiles) character file.

Game seed: 7951730455767429917, levelgen mode: deterministic

134118 2bobheroes the Nimble (level 17, -6/133 HPs)
             Began as a Gnoll Gladiator on Feb 14, 2020.
             Was a High Priest of Sif Muna.
             Killed from afar by a battlesphere (19 damage)
             ... created by a tengu reaver
             ... on level 15 of the Dungeon on Feb 16, 2020.
             The game lasted 04:19:28 (36271 turns).

2bobheroes the Nimble (Gnoll Gladiator)            Turns: 36271, Time: 04:19:29

Health: -6/133     AC: 24    Str: 18    XL:     17   Next: 16%
Magic:  35/40      EV: 22    Int: 16    God:    Sif Muna [*****.]
Gold:   3128       SH:  9    Dex: 20    Spells: 2/37 levels left

rFire    + + .     SeeInvis .   n - staff of death
rCold    + . .     Gourm    .   R - +2 buckler {rF+}
rNeg     + . .     Faith    +   x - +3 acid dragon scales
rPois    .         Spirit   .   c - +0 helmet
rElec    .         Reflect  .   Q - +2 cloak
rCorr    +         Harm     .   (no gloves)
MR       +....                  Y - +1 pair of boots
Stlth    +++++.....             F - amulet of faith
HPRegen  0.32/turn              G - ring of the Messenger {rF+ rC+ MP+9 Int+3}
MPRegen  0.27/turn              M - +3 ring of protection

@: lethally poisoned (-6 -> -8)
A: distributed training, fangs 1, icy blue scales 1, strong nose
a: Channel Magic, Forget Spell, Divine Exegesis, Renounce Religion


You were on level 15 of the Dungeon.
You worshipped Sif Muna.
Sif Muna was extremely pleased with you.
You were hungry.

You visited 4 branches of the dungeon, and saw 24 of its levels.
You also visited: Sewer, Gauntlet and Ice Cave.

You collected 3422 gold pieces.
You spent 294 gold pieces at shops.

Inventory:

Hand Weapons
 u - a +3 scimitar of flaming {hydrabane}
 L - the +0 spear of Kismet {holy, +Inv rN+}
   (You found it on level 6 of the Dungeon)

   It has been blessed by the Shining One to cause great damage to the undead
   and demons.
   It protects you from negative energy.
   It lets you turn invisible.
Missiles
 b - 2 curare-tipped darts
 d - 4 throwing nets
 l - 637 stones (quivered)
 y - 16 javelins
 W - 68 poisoned darts
Armour
 c - a +0 helmet (worn)
 x - +3 acid dragon scales (worn)
 Q - a +2 cloak (worn)
 R - a +2 buckler of fire resistance (worn)
 Y - a +1 pair of boots (worn)
Magical Staves
 k - an uncursed staff of wizardry
 n - an uncursed staff of death (weapon)
 A - an uncursed staff of cold
 D - an uncursed staff of earth
Jewellery
 o - a +3 ring of protection
 r - an uncursed ring of resist corrosion
 B - the ring of Kouneg {Wiz Dex+4}
   (You found it in a Gauntlet)

   [ring of wizardry]

   It improves your spell success rate.
   It affects your dexterity (+4).
 F - an amulet of faith (around neck)
 G - the ring of the Messenger (left hand) {rF+ rC+ MP+9 Int+3}
   (You found it on level 14 of the Dungeon)

   [ring of intelligence]

   It affects your intelligence (+3).
   It protects you from fire.
   It protects you from cold.
   It affects your magic capacity (+9).
 H - an uncursed ring of see invisible
 J - an uncursed ring of positive energy
 M - a +3 ring of protection (right hand)
 N - an uncursed ring of protection from magic
 U - an uncursed ring of poison resistance
 V - an uncursed ring of protection from magic
 X - an uncursed ring of stealth
Wands
 a - a wand of digging (2)
 j - a wand of enslavement (9)
 E - a wand of iceblast (36)
 S - a wand of paralysis (11)
 Z - a wand of polymorph (32)
Scrolls
 h - 8 scrolls of remove curse
 i - 3 scrolls of magic mapping
 t - 7 scrolls of immolation
 v - 3 scrolls of teleportation
 z - 2 scrolls of fog
 O - 3 scrolls of blinking
 T - a scroll of summoning
Potions
 e - 2 potions of magic
 g - a potion of might
 m - a potion of resistance
 p - 2 potions of agility
 s - 6 potions of heal wounds
 w - 3 potions of haste
 C - 3 potions of brilliance
 K - 9 potions of curing
Miscellaneous
 q - a phantom mirror
 P - a lamp of fire
Comestibles
 f - 45 rations


   Skills:
 + Level 11.6 Fighting
 + Level 10.8 Short Blades
 + Level 10.8 Long Blades
 + Level 10.8 Axes
 + Level 10.8 Maces & Flails
 + Level 10.8 Polearms
 + Level 12.4 Staves
 + Level 10.8 Slings
 + Level 10.8 Bows
 + Level 10.8 Crossbows
 + Level 11.6 Throwing
 + Level 10.8 Armour
 + Level 12.4 Dodging
 + Level 10.8 Stealth
 + Level 10.8 Shields
 + Level 10.8 Unarmed Combat
 + Level 10.8 Spellcasting
 + Level 9.2 Conjurations
 + Level 9.2 Hexes
 + Level 9.2 Charms
 + Level 9.2 Summonings
 + Level 9.2 Necromancy
 + Level 9.2 Translocations
 + Level 9.2 Transmutations
 + Level 9.2 Fire Magic
 + Level 9.2 Ice Magic
 + Level 9.2 Air Magic
 + Level 9.2 Earth Magic
 + Level 9.2 Poison Magic
 + Level 11.7 Invocations
 + Level 10.8 Evocations


You had 2 spell levels left.
You knew the following spells:

 Your Spells              Type           Power        Failure   Level  Hunger
a - Animate Skeleton      Necr           N/A          1%          1    None
b - Silence               Hex/Air        #####.....   6%          5    #####..
c - Conjure Flame         Conj/Fire      #####...     1%          3    None
d - Bolt of Magma         Conj/Fire/Erth #####.....   6%          5    #####..
e - Summon Forest         Summ/Tloc      #####.....   6%          5    #####..
f - Summon Mana Viper     Hex/Summ       #####...     6%          5    #####..
g - Inner Flame           Hex/Fire       #####...     1%          3    None
h - Portal Projectile     Hex/Tloc       #####.       1%          3    None
i - Dispel Undead         Necr           ######..     6%          5    #####..

Your spell library contained the following spells:

 Spells                   Type           Power        Failure   Level  Hunger
 Apportation              Tloc           #####.       1%          1    None
 Beastly Appendage        Tmut           #####.       1%          1    None
 Confusing Touch          Hex            #####.       1%          1    None
 Shock                    Conj/Air       ####         1%          1    None
 Summon Butterflies       Summ           #####...     1%          1    None
 Summon Small Mammal      Summ           ####         1%          1    None
 Blink                    Tloc           N/A          1%          2    None
 Ensorcelled Hibernation  Hex/Ice        #####.       1%          2    None
 Poisonous Vapours        Pois/Air       #####.       1%          2    None
 Shroud of Golubria       Chrm/Tloc      #####.       1%          2    None
 Call Canine Familiar     Summ           #####...     1%          3    None
 Gell's Gravitas          Tloc           #####.....   1%          3    None
 Lesser Beckoning         Tloc           #####.....   1%          3    None
 Mephitic Cloud           Conj/Pois/Air  #####...     1%          3    None
 Recall                   Summ/Tloc      N/A          1%          3    None
 Spider Form              Tmut/Pois      #####.....   1%          3    None
 Static Discharge         Conj/Air       #####...     1%          3    None
 Summon Guardian Golem    Hex/Summ       #####...     1%          3    None
 Teleport Other           Tloc           #####...     1%          3    None
 Tukima's Dance           Hex            #####...     1%          3    None
 Force Lance              Conj/Tloc      #####...     2%          4    ###....
 Leda's Liquefaction      Hex/Erth       #####.....   2%          4    ###....
 Passage of Golubria      Tloc           N/A          2%          4    ###....
 Petrify                  Tmut/Erth      #####...     2%          4    ###....
 Summon Lightning Spire   Summ/Air       #####...     2%          4    ###....
 Throw Icicle             Conj/Ice       #####...     2%          4    ###....
 Alistair's Intoxication  Tmut/Pois      #####...     6%          5    #####..
 Blade Hands              Tmut           #####.....   6%          5    #####..
 Fireball                 Conj/Fire      #####.....   6%          5    #####..
 Iskenderun's Battlesphe  Conj/Chrm      #####...     6%          5    #####..
 Lightning Bolt           Conj/Air       #####.....   6%          5    #####..
 Yara's Violent Unravell  Hex/Tmut       #####.....   6%          5    #####..
 Bolt of Cold             Conj/Ice       #####.....   34%         6    ######.
 Bolt of Fire             Conj/Fire      #####.....   34%         6    ######.
 Conjure Ball Lightning   Conj/Air       #####.....   34%         6    ######.
 Deflect Missiles         Chrm/Air       #####.....   34%         6    ######.
 Freezing Cloud           Conj/Ice/Air   #####.....   34%         6    ######.
 Hydra Form               Tmut           #####.....   34%         6    ######.
 Invisibility             Hex            #####...     34%         6    ######.
 Iron Shot                Conj/Erth      #####.....   34%         6    ######.
 Statue Form              Tmut/Erth      #####....    34%         6    ######.
 Monstrous Menagerie      Summ           #####.....   89%         7    #######
 Ring of Flames           Chrm/Fire      #####.....   89%         7    #######
 Ignition                 Fire           #####.....   100%        8    #######
 Dragon's Call            Summ           #####.....   100%        9    #######
 Shatter                  Erth           #####.....   100%        9    #######
 Tornado                  Air            #####.....   100%        9    #######


Dungeon Overview and Level Annotations

Branches:
Dungeon (15/15)            Temple (1/1) D:6            Lair (6/6) D:10
 Shoals (0/4) Lair:4       Spider (0/4) Lair:2        Slime (0/5) Lair:5
    Orc (2/2) D:9             Elf (0/3) Orc:2        Vaults (0/5) D:13
 Depths (0/5) D:15          Sewer (visited)           IceCv (visited)
Gauntlet (visited)

Altars:
Ashenzari
Dithmenos
Fedhas
Hepliaklqana
Kikubaaqudgha
Okawaru
Qazlal
Sif Muna
Trog
Wu Jian
Xom
Yredelemnul
The Shining One
Beogh

Shops:
D:5 (   D:6 =   D:12 }   D:13 *   Orc:1 =   Orc:2 =*[(

Annotations:
D:9 2 transporters


Innate Abilities, Weirdness & Mutations

Your experience applies equally to all skills.
You have very sharp teeth.
Your uncanny sense of smell can sniff out nearby items.
You are partially covered in icy blue scales. (AC +2)


Message History

The tengu reaver points at you and mumbles some strange words.
The bolt of magma hits you!! You partially resist.
* * * LOW HITPOINT WARNING * * *
The battlesphere fires!
The barrage of energy hits you but does no damage.
You feel sick.
You feel sick.
The yaktaur wields a +2 arbalest of flaming.
It bursts into flame!
The yaktaur shoots a bolt.
You block the bolt.
You see here a bolt.
You feel sick.
You feel sick.
You feel sick.
You feel sick.
The yaktaur shoots a bolt.
The bolt hits you but does no damage.
You see here a bolt.
The tengu reaver casts a spell at you.
The fireball explodes!
The fireball engulfs you! You resist.
* * * LOW HITPOINT WARNING * * *
The battlesphere fires!
The barrage of energy hits you!!
You die...

............[...<)..).##.......#.
###.####.#..##........##.........
###.###.....##..###.........##...
#.......###.....#####............
#.##..### ###..##......###.......
#.#..## ∆ ##..#.####.....).....
#.#.## ##.#.# ####......#. #...#.
.#...# #......#. #..##. ∆ .##@.#
#####.?..... #..#... ∆∆∆ ...#(.#
#........... #..##..# ∆ #.(##.Q#
########.##. #...#.(.###...#...#
####. #...##(......##.*.# #.
##...##.....##c..## #.
#....###.###(...# ##
##.....#'#.....## #####...†....##


You could see a tengu reaver, a yaktaur and a battlesphere.

Vanquished Creatures
  Agnes (D:14)
  An orc warlord (Orc:1)
  Nessos (D:12)
  A dire elephant (D:15)
  A minotaur (Gauntlet)
  Josephine (Orc:1)
  A fire dragon (D:15)
  4 hydras
  A vault guard (D:13)
  2 ice dragons (IceCv)
  Harold (D:8)
  4 centaur warriors
  A tengu warrior (D:14)
  4 two-headed ogres
  6 death yaks
  An orc high priest (Orc:1)
  Sonja (D:10)
  3 sixfirhies (Gauntlet)
  2 unseen horrors
  A wizard (D:13)
  A necromancer (D:13)
  Pikel (D:8)
  A mana viper (shapeshifter) (D:14)
  2 deep elf magi
  An orb spider (Lair:2)
  2 wolf spiders (D:15)
  4 orc sorcerers
  2 orc knights
  5 cyclopes
  4 manticores
  A salamander (D:15)
  14 ugly things
  6 black mambas
  Maurice (D:12)
  8 elephants
  8 centaur zombies
  3 gargoyles
  Joseph (Lair:1)
  2 ice statues (IceCv)
  A black mamba (shapeshifter) (D:14)
  3 torpor snails
  11 spiny frogs
  4 rime drakes
  6 komodo dragons
  An efreet (D:15)
  3 tengu conjurers
  A komodo dragon (shapeshifter) (D:13)
  2 ice devils (D:12)
  5 hornets (Lair:6)
  7 trolls
  5 polar bears
  17 slime creatures
  23 blink frogs
  3 dream sheep
  17 hippogriffs
  A snapping turtle (Lair:4)
  A water elemental (D:14)
  49 yaks
  3 centaur simulacra
  2 shadows
  13 spriggans
  5 wraiths
  Grum (D:8)
  19 humans (D:13)
  2 chaos spawn (Gauntlet)
  A neqoxec (Gauntlet)
  Menkaure (D:7)
  3 wargs (Orc:1)
  7 vampire mosquitoes
  2 basilisks
  3 acid dragons
  7 porcupines
  34 orc warriors
  8 water moccasins
  2 sky beasts (D:8)
  4 slaves
  4 phantoms
  A hornet zombie (D:7)
  7 black bears
  21 ice beasts
  3 necrophages
  9 ogres
  11 boggarts
  24 wolves
  5 centaurs
  12 crocodiles
  2 big kobolds
  3 small abominations (Gauntlet)
  Blork the orc (D:4)
  13 bullfrogs
  2 wyvern zombies (D:13)
  4 scorpions
  6 killer bees
  2 wights (D:14)
  5 electric eels
  2 howler monkeys
  6 crimson imps
  2 bullfrog zombies
  6 hounds
  7 jellies
  A bullfrog skeleton (D:13)
  10 orc priests
  4 centaur skeletons
  2 iguanas
  11 worker ants
  Terence (D:2)
  27 orc wizards
  A bullfrog simulacrum (D:12)
  2 hound skeletons
  3 worker ant zombies
  6 gnolls
  16 adders
  A river rat (D:4)
  5 white imps
  A howler monkey simulacrum (D:9)
  11 oozes
  7 ufetubi
  An adder zombie (D:8)
  A worm (D:4)
  2 dart slugs
  10 leopard geckos
  69 orcs
  19 giant cockroaches
  13 goblins
  9 hobgoblins
  13 jackals
  3 quokkas
  12 ball pythons
  2 bats
  12 frilled lizards
  A jackal skeleton (D:7)
  25 kobolds
  A leopard gecko zombie (D:9)
  A quokka skeleton (D:7)
  28 rats
  A bush (D:13)
  2 fungi
874 creatures vanquished.

Vanquished Creatures (collateral kills)
  A catoblepas (D:14)
  An orc high priest (Orc:2)
  3 orc sorcerers (Orc:2)
  A slime creature (D:14)
  A cyclops (D:14)
  A hornet (Lair:6)
  A spriggan (Lair:6)
  A human (D:13)
  2 necrophages (D:13)
  2 orc warriors (Orc:2)
  A bullfrog (D:15)
  A worker ant (D:14)
  2 fungi
  2 plants (Lair:6)
20 creatures vanquished.

Vanquished Creatures (others)
  3 dream sheep (D:6)
  A wolf (D:12)
  A kobold (D:11)
  29 fungi
  11 plants
  A snaplasher vine (Orc:2)
46 creatures vanquished.

Grand Total: 940 creatures vanquished

Notes
Turn   | Place    | Note
-------+----------+-------------------------------------------
     0 | D:1      | 2bobheroes the Gnoll Gladiator began the quest for the Orb.
     0 | D:1      | Reached XP level 1. HP: 20/20 MP: 1/1
   232 | D:1      | Reached XP level 2. HP: 26/26 MP: 2/2
   715 | D:2      | Found a faded altar of an unknown god.
   953 | D:2      | Noticed Terence
   984 | D:2      | Reached XP level 3. HP: 31/31 MP: 3/3
  1003 | D:2      | Killed Terence
  1003 | D:2      | Reached skill level 1 in Invocations
  1086 | D:2      | Reached skill level 1 in Short Blades
  1086 | D:2      | Reached skill level 1 in Long Blades
  1086 | D:2      | Reached skill level 1 in Axes
  1086 | D:2      | Reached skill level 1 in Maces & Flails
  1086 | D:2      | Reached skill level 1 in Polearms
  1086 | D:2      | Reached skill level 1 in Slings
  1086 | D:2      | Reached skill level 1 in Bows
  1086 | D:2      | Reached skill level 1 in Crossbows
  1086 | D:2      | Reached skill level 1 in Armour
  1086 | D:2      | Reached skill level 1 in Stealth
  1086 | D:2      | Reached skill level 1 in Shields
  1086 | D:2      | Reached skill level 1 in Unarmed Combat
  1086 | D:2      | Reached skill level 1 in Spellcasting
  1086 | D:2      | Reached skill level 1 in Evocations
  1174 | D:2      | Reached XP level 4. HP: 38/38 MP: 5/5
  1880 | D:3      | Reached skill level 1 in Conjurations
  1880 | D:3      | Reached skill level 1 in Hexes
  1880 | D:3      | Reached skill level 1 in Charms
  1880 | D:3      | Reached skill level 1 in Summonings
  1880 | D:3      | Reached skill level 1 in Necromancy
  1880 | D:3      | Reached skill level 1 in Translocations
  1880 | D:3      | Reached skill level 1 in Transmutations
  1880 | D:3      | Reached skill level 1 in Fire Magic
  1880 | D:3      | Reached skill level 1 in Ice Magic
  1880 | D:3      | Reached skill level 1 in Air Magic
  1880 | D:3      | Reached skill level 1 in Earth Magic
  1880 | D:3      | Reached skill level 1 in Poison Magic
  1896 | D:3      | Reached XP level 5. HP: 18/43 MP: 6/6
  2089 | D:3      | Found a blossoming altar of Fedhas.
  3195 | D:4      | Found a glowing drain.
  3224 | D:4      | Noticed Blork the orc
  3243 | Sewer    | Entered a sewer
  3492 | Sewer    | Reached XP level 6. HP: 49/50 MP: 8/8
  3820 | Sewer    | Reached skill level 5 in Fighting
  3820 | Sewer    | Reached skill level 5 in Throwing
  3959 | Sewer    | Reached XP level 7. HP: 32/56 MP: 10/10
  4122 | D:4      | Killed Blork the orc
  4661 | D:5      | Entered Level 5 of the Dungeon
  4957 | D:5      | Found Uteonta's Antique Weapon Shoppe.
  5386 | D:5      | Found a bloodstained altar of Trog.
  5387 | D:5      | Found a shimmering blue altar of Sif Muna.
  5387 | D:5      | Found an ornate altar of the Wu Jian Council.
  5388 | D:5      | Found a shattered altar of Ashenzari.
  5536 | D:5      | Became a worshipper of Sif Muna the Loreminder
  5633 | D:6      | Reached XP level 8. HP: 37/63 MP: 12/12
  5783 | D:6      | Found Zoippadgh's Jewellery Shoppe.
  6103 | D:6      | Got a polished spear
  6104 | D:6      | Identified the cursed +0 spear of Kismet {holy, +Inv rN+}
                  | (You found it on level 6 of the Dungeon)
  6123 | D:6      | Found a staircase to the Ecumenical Temple.
  6164 | Temple   | Entered the Ecumenical Temple
  6256 | D:6      | Noticed a dream sheep
  6256 | D:6      | Noticed a dream sheep
  6256 | D:6      | Noticed a dream sheep
  6256 | D:6      | Noticed a dream sheep
  6256 | D:6      | Noticed a dream sheep
  6256 | D:6      | Found a shimmering altar of Xom.
  6258 | D:6      | Killed a dream sheep
  6258 | D:6      | Killed a dream sheep
  6258 | D:6      | Killed a dream sheep
  6258 | D:6      | Killed a dream sheep
  6262 | D:6      | Killed a dream sheep
  6813 | D:7      | Reached * piety under Sif Muna
  6926 | D:7      | Reached XP level 9. HP: 39/69 MP: 14/14
  7153 | D:7      | Noticed Menkaure
  7167 | D:7      | Killed Menkaure
  7471 | D:7      | Found a shadowy altar of Dithmenos.
  8063 | D:7      | Reached ** piety under Sif Muna
  8063 | D:7      | Reached skill level 5 in Invocations
  8243 | D:8      | Noticed Pikel
  8271 | D:8      | Killed Pikel
  8271 | D:8      | Reached XP level 10. HP: 75/75 MP: 15/17
  8449 | D:8      | Noticed Harold
  8498 | D:8      | Killed Harold
  8498 | D:8      | Reached skill level 5 in Short Blades
  8498 | D:8      | Reached skill level 5 in Long Blades
  8498 | D:8      | Reached skill level 5 in Axes
  8498 | D:8      | Reached skill level 5 in Maces & Flails
  8498 | D:8      | Reached skill level 5 in Polearms
  8498 | D:8      | Reached skill level 5 in Slings
  8498 | D:8      | Reached skill level 5 in Bows
  8498 | D:8      | Reached skill level 5 in Crossbows
  8498 | D:8      | Reached skill level 5 in Armour
  8498 | D:8      | Reached skill level 5 in Stealth
  8498 | D:8      | Reached skill level 5 in Shields
  8498 | D:8      | Reached skill level 5 in Unarmed Combat
  8498 | D:8      | Reached skill level 5 in Spellcasting
  8498 | D:8      | Reached skill level 5 in Evocations
  8645 | D:8      | Noticed Grum
  8646 | D:8      | Noticed a two-headed ogre
  8693 | D:8      | Killed Grum
  8909 | D:8      | Killed a two-headed ogre
  9614 | D:9      | Found a stormy altar of Qazlal.
 10006 | D:9      | Found a transporter.
 10007 | D:9      | Found a transporter.
 10020 | D:9      | Found an ancient bone altar of Kikubaaqudgha.
 10024 | D:9      | Noticed a death knight
 10030 | D:9      | Found a basalt altar of Yredelemnul.
 10032 | D:9      | Noticed a death knight
 10096 | D:8      | Found a shattered altar of Ashenzari.
 10180 | D:9      | Found a staircase to the Orcish Mines.
 10368 | D:9      | Reached XP level 11. HP: 53/82 MP: 19/19
 10564 | D:9      | Found a blossoming altar of Fedhas.
 10686 | D:10     | Entered Level 10 of the Dungeon
 10737 | Orc:1    | Entered Level 1 of the Orcish Mines
 10737 | Orc:1    | Noticed a cyclops
 10907 | D:10     | Reached *** piety under Sif Muna
 10913 | D:10     | Noticed Sonja
 10934 | D:10     | Killed Sonja
 11218 | D:10     | Reached skill level 5 in Conjurations
 11218 | D:10     | Reached skill level 5 in Hexes
 11218 | D:10     | Reached skill level 5 in Charms
 11218 | D:10     | Reached skill level 5 in Summonings
 11218 | D:10     | Reached skill level 5 in Necromancy
 11218 | D:10     | Reached skill level 5 in Translocations
 11218 | D:10     | Reached skill level 5 in Transmutations
 11218 | D:10     | Reached skill level 5 in Fire Magic
 11218 | D:10     | Reached skill level 5 in Ice Magic
 11218 | D:10     | Reached skill level 5 in Air Magic
 11218 | D:10     | Reached skill level 5 in Earth Magic
 11218 | D:10     | Reached skill level 5 in Poison Magic
 11377 | D:10     | Found a staircase to the Lair.
 11979 | D:10     | Noticed a two-headed ogre
 12028 | D:10     | Killed a two-headed ogre
 12107 | Lair:1   | Entered Level 1 of the Lair of Beasts
 12552 | Lair:1   | Noticed Joseph
 12715 | Lair:1   | Killed Joseph
 13402 | Lair:2   | Found a hole to the Spider Nest.
 13402 | Lair:2   | Noticed an orb spider
 13415 | Lair:2   | Killed an orb spider
 13848 | Lair:2   | Reached XP level 12. HP: 82/91 MP: 22/22
 14666 | Lair:3   | Identified a scroll of acquirement
 15758 | Lair:3   | Reached **** piety under Sif Muna
 16451 | Lair:4   | Found a gate leading to a gauntlet.
 16465 | Gauntlet | Entered a Gauntlet
 16465 | Gauntlet | Found a transporter.
 16478 | Gauntlet | Found a transporter.
 16489 | Gauntlet | Found a transporter.
 16496 | Gauntlet | Found a transporter.
 16511 | Gauntlet | Found a transporter.
 16512 | Gauntlet | Found the +2 pair of boots of the Assassin {Detection Stab+
                  | Stlth++}
 16530 | Gauntlet | Found a transporter.
 16530 | Gauntlet | Noticed a dire elephant
 16542 | Gauntlet | Found a transporter.
 16551 | Gauntlet | Noticed a thrashing horror
 16554 | Gauntlet | Found a transporter.
 16558 | Gauntlet | Noticed a thrashing horror
 16566 | Gauntlet | Found a transporter.
 16578 | Gauntlet | Found a transporter.
 16578 | Gauntlet | Noticed a reaper
 16600 | Gauntlet | Found a transporter.
 16615 | Gauntlet | Found a transporter.
 16617 | Gauntlet | Found a transporter.
 16645 | Gauntlet | Found a transporter.
 16649 | Gauntlet | Found a transporter.
 16651 | Gauntlet | Found a transporter.
 16678 | Gauntlet | Found a transporter.
 16680 | Gauntlet | Found a transporter.
 17084 | Gauntlet | Gained mutation: You are partially covered in icy blue
                  | scales. (AC +2) [a neqoxec]
 17213 | Gauntlet | Got a bound marble ring
 17270 | Gauntlet | Noticed a minotaur
 17358 | Gauntlet | Killed a minotaur
 17358 | Gauntlet | Reached skill level 10 in Staves
 17358 | Gauntlet | Reached skill level 10 in Dodging
 17419 | Gauntlet | Identified the ring of Kouneg {Wiz Dex+4} (You found it in
                  | a Gauntlet)
 18068 | Lair:4   | Reached XP level 13. HP: 101/101 MP: 24/24
 18671 | Lair:4   | Found a staircase to the Shoals.
 19448 | Lair:5   | Found a staircase to the Slime Pits.
 19615 | Lair:5   | Learned a level 5 spell: Bolt of Magma
 20093 | Lair:5   | Learned a level 2 spell: Poisonous Vapours
 20097 | Lair:5   | Learned a level 3 spell: Conjure Flame
 20101 | Lair:5   | Learned a level 3 spell: Mephitic Cloud
 21175 | Lair:6   | Entered Level 6 of the Lair of Beasts
 21259 | Lair:6   | Got a transparent falchion
 21260 | Lair:6   | Identified the cursed +2 falchion "Nijo Pui" {pain, rPois}
                  | (You found it on level 6 of the Lair of Beasts)
 22363 | Lair:5   | Reached XP level 14. HP: 83/109 MP: 26/26
 22854 | Lair:6   | Reached ***** piety under Sif Muna
 23034 | Lair:6   | Reached skill level 10 in Fighting
 23034 | Lair:6   | Reached skill level 10 in Throwing
 23058 | Lair:6   | Identified Sif Muna's Incunabulum of Companions and Venom
                  | (Sif Muna gifted it to you on level 6 of the Lair of
                  | Beasts)
 23058 | Lair:6   | Received a gift from Sif Muna
 23069 | Lair:6   | Learned a level 5 spell: Summon Forest
 23075 | Lair:6   | Learned a level 5 spell: Summon Mana Viper
 23598 | Lair:6   | Paralysed by a hornet for 2 turns
 24099 | Lair:6   | Reached skill level 10 in Invocations
 24099 | Lair:6   | Reached XP level 15. HP: 116/116 MP: 28/28
 24983 | Orc:1    | Found a roughly hewn altar of Beogh.
 25070 | Orc:2    | Entered Level 2 of the Orcish Mines
 25070 | Orc:2    | Found Ynoplyco's Jewellery Boutique.
 25265 | Orc:1    | Identified Sif Muna's Handbook of the Bewitching Rocks (Sif
                  | Muna gifted it to you on level 1 of the Orcish Mines)
 25265 | Orc:1    | Received a gift from Sif Muna
 25271 | Orc:1    | Learned a level 3 spell: Inner Flame
 25275 | Orc:1    | Learned a level 3 spell: Portal Projectile
 25362 | Orc:2    | Bought a cursed ring of attention for 67 gold pieces
 25936 | Orc:2    | Noticed an orc warlord
 25986 | Orc:2    | Found Gekluqac's General Store.
 26231 | Orc:2    | Bought a scroll of teleportation for 48 gold pieces
 26231 | Orc:2    | Bought a scroll of identify for 32 gold pieces
 26352 | Orc:2    | Noticed Josephine
 26517 | Orc:1    | Killed an orc warlord
 26571 | Orc:1    | Killed Josephine
 26684 | Orc:2    | Found Wosusubo's Antique Armour Emporium.
 26779 | Orc:2    | Found a staircase to the Elven Halls.
 26855 | Orc:2    | Found Fakkeasu's Antique Weapon Emporium.
 27400 | D:11     | Identified Sif Muna's Reference Book on Mutagenic Dark
                  | Magic (Sif Muna gifted it to you on level 11 of the
                  | Dungeon)
 27400 | D:11     | Received a gift from Sif Muna
 28553 | D:12     | Found a frozen archway.
 28618 | IceCv    | Entered an ice cave
 29232 | IceCv    | Reached XP level 16. HP: 124/124 MP: 29/29
 29779 | D:12     | Found Zyddaudu's Gadget Emporium.
 30084 | D:12     | Found a basalt altar of Yredelemnul.
 30151 | D:12     | Learned a level 5 spell: Dispel Undead
 30164 | D:12     | Reached skill level 10 in Short Blades
 30164 | D:12     | Reached skill level 10 in Long Blades
 30164 | D:12     | Reached skill level 10 in Axes
 30164 | D:12     | Reached skill level 10 in Maces & Flails
 30164 | D:12     | Reached skill level 10 in Polearms
 30164 | D:12     | Reached skill level 10 in Slings
 30164 | D:12     | Reached skill level 10 in Bows
 30164 | D:12     | Reached skill level 10 in Crossbows
 30164 | D:12     | Reached skill level 10 in Armour
 30164 | D:12     | Reached skill level 10 in Stealth
 30164 | D:12     | Reached skill level 10 in Shields
 30164 | D:12     | Reached skill level 10 in Unarmed Combat
 30164 | D:12     | Reached skill level 10 in Spellcasting
 30164 | D:12     | Reached skill level 10 in Evocations
 30197 | D:12     | Learned a level 5 spell: Silence
 30199 | D:12     | Learned a level 1 spell: Animate Skeleton
 30295 | D:12     | Noticed Maurice
 30336 | D:12     | Killed Maurice
 30831 | D:12     | Identified Gikoitzi's Almanac of Lucky Confrontation (Sif
                  | Muna gifted it to you on level 12 of the Dungeon)
 30831 | D:12     | Received a gift from Sif Muna
 30910 | D:12     | Noticed Nessos
 31094 | D:12     | Killed Nessos
 32131 | D:13     | Found a blossoming altar of Fedhas.
 32619 | D:13     | Found a gate to the Vaults.
 32768 | D:13     | Found Erexteugg's General Store.
 32777 | D:13     | Bought a scroll of blinking for 105 gold pieces
 32777 | D:13     | Bought a potion of curing for 42 gold pieces
 32924 | D:13     | Identified Sif Muna's Incunabulum of Creative Changing (Sif
                  | Muna gifted it to you on level 13 of the Dungeon)
 32924 | D:13     | Received a gift from Sif Muna
 32970 | D:13     | Found the +1 cloak of Starlight {rElec rC+ EV+4 Stlth--}
 33779 | D:14     | Noticed Agnes
 33793 | D:14     | Killed Agnes
 33812 | D:14     | Got a steaming amber ring
 33814 | D:14     | Identified the ring of the Messenger {rF+ rC+ MP+9 Int+3}
                  | (You found it on level 14 of the Dungeon)
 34802 | D:15     | Entered Level 15 of the Dungeon
 35071 | D:15     | Identified Sif Muna's Catalogue of Burning Cold (Sif Muna
                  | gifted it to you on level 15 of the Dungeon)
 35071 | D:15     | Received a gift from Sif Muna
 35275 | D:15     | Reached XP level 17. HP: 97/131 MP: 31/31
 35328 | D:15     | Found a staircase to the Depths.
 35551 | D:15     | Got a twisted flail
 35552 | D:15     | Identified the +5 flail "Hydrabane" {antimagic, rElec rF+
                  | Str+4} (You found it on level 15 of the Dungeon)
 35673 | D:15     | Found a shattered altar of Ashenzari.
 36271 | D:15     | Killed from afar by a battlesphere

Levels and vault maps discovered:
D:1:      scummos_arrival_simple_crosswalls, layout_basic
D:2:      layout_basic, chequers_ecumenical_altar_simple_redux, minmay_rat_hole,
          uniq_terence
D:3:      corexii_shack_village, layout_basic, lemuel_round_altar
D:4:      layout_basic, first_ration, portal_sewer_entry_a, uniq_blork_the_orc
D:5:      layout_loops_ring, chequers_temple_overflow_statue_of_worship,
          serial_shops, nicolae_shop_crystal
D:6:      layout_rooms, kb_xom_exploding_sheep, minmay_temple_entry_poolview,
          serial_shops, nicolae_shop_stone
D:7:      layout_loops_ring, grunt_dithmenos_shadows, the_bakery, uniq_menkaure
D:8:      lemuel_upstairs_altar, layout_basic, uniq_harold, uniq_grum,
          uniq_pikel
D:9:      layout_basic, gammafunk_temple_of_torment,
          nicolae_qazlal_eye_of_the_storm, david_orc_2, serial_ice,
          serial_ice_g, serial_ice_i, serial_ice_b, serial_ice_c,
          lemuel_tele_altar
D:10:     layout_long_grid, david_lair_shrubbed, uniq_sonja
D:11:     layout_cave_pods, minmay_strange_pillars
D:12:     layout_roguey, serial_ice, serial_ice_h, serial_ice_k, serial_ice_f,
          serial_ice_m, serial_ice_e, serial_ice_g, serial_ice_o, serial_ice_n,
          portal_ice_cave_demonic_guard, basic_altar, serial_shops,
          nicolae_shop_statue_plus, serial_bayou_crossing, uniq_nessos,
          uniq_maurice
D:13:     layout_basic, grunt_vaults_entry_tiered, serial_shops, shop,
          fedhas_altar_decomposition
D:14:     minmay_imperfect_grid, layout_basic, chequers_serial_rivers_small_3,
          uniq_agnes
D:15:     hangedman_depths_entry_try_elsewhere_first, layout_basic,
          ashenzari_altar_1, minmay_checkered_concentric_circles
Temple:   minmay_temple_bridge_abc
Lair:1:   wander_river, layout_cave_pods, uniq_joseph
Lair:2:   layout_long_grid, nicolae_spider_entry_orb_guardian,
          forest_entry_grove
Lair:3:   statuecave_lemuel, layout_layer_cave
Lair:4:   layout_long_grid, minmay_shoals_entry_hut, gauntlet_entry_generic
Lair:5:   layout_regular_city, slime_dummy, grunt_megastairs_2,
          lemuel_fruit_tree
Lair:6:   minmay_lair_end_enchanted_forest, layout_small_grid,
          nicolae_quartered_pool_little
Orc:1:    layout_caves, basic_altar
Orc:2:    grunt_orc_gardens, layout_caves, grunt_orc_garden, grunt_orc_garden,
          grunt_orc_garden, grunt_orc_garden, uniq_josephine

Skill      XL: |  1  2  3  4  5  6  7  8  9 10 11 12 13 14 15 16 |
---------------+-------------------------------------------------+-----
Invocations    | 1 2 3 4 5 6 7 8 9 10 11 | 11.7
Short Blades   | 1 2 3 4 5 6 7 8 9 10 | 10.8
Long Blades    | 1 2 3 4 5 6 7 8 9 10 | 10.8
Axes           | 1 2 3 4 5 6 7 8 9 10 | 10.8
Maces & Flails | 1 2 3 4 5 6 7 8 9 10 | 10.8
Polearms       | 1 2 3 4 5 6 7 8 9 10 | 10.8
Slings         | 1 2 3 4 5 6 7 8 9 10 | 10.8
Bows           | 1 2 3 4 5 6 7 8 9 10 | 10.8
Crossbows      | 1 2 3 4 5 6 7 8 9 10 | 10.8
Armour         | 1 2 3 4 5 6 7 8 9 10 | 10.8
Stealth        | 1 2 3 4 5 6 7 8 9 10 | 10.8
Shields        | 1 2 3 4 5 6 7 8 9 10 | 10.8
Unarmed Combat | 1 2 3 4 5 6 7 8 9 10 | 10.8
Spellcasting   | 1 2 3 4 5 6 7 8 9 10 | 10.8
Evocations     | 1 2 3 4 5 6 7 8 9 10 | 10.8
Conjurations   | 1 2 3 4 5 6 7 8 9 |  9.2
Hexes          | 1 2 3 4 5 6 7 8 9 |  9.2
Charms         | 1 2 3 4 5 6 7 8 9 |  9.2
Summonings     | 1 2 3 4 5 6 7 8 9 |  9.2
Necromancy     | 1 2 3 4 5 6 7 8 9 |  9.2
Translocations | 1 2 3 4 5 6 7 8 9 |  9.2
Transmutations | 1 2 3 4 5 6 7 8 9 |  9.2
Fire Magic     | 1 2 3 4 5 6 7 8 9 |  9.2
Ice Magic      | 1 2 3 4 5 6 7 8 9 |  9.2
Air Magic      | 1 2 3 4 5 6 7 8 9 |  9.2
Earth Magic    | 1 2 3 4 5 6 7 8 9 |  9.2
Poison Magic   | 1 2 3 4 5 6 7 8 9 |  9.2
Fighting       | 5 6 7 8 9 10 11 | 11.6
Throwing       | 5 6 7 8 9 10 11 | 11.6
Staves         | 7 8 9 10 11 12 | 12.4
Dodging        | 7 8 9 10 11 12 | 12.4

Action                   |  1- 3 |  4- 6 |  7- 9 | 10-12 | 13-15 | 16-18 || total
-------------------------+-------+-------+-------+-------+-------+-------++-------
Melee: Quarterstaff      |    13 |       |       |       |       |       ||    13
       Whip              |    22 |       |       |       |       |       ||    22
       Dagger            |    23 |   366 |   440 |   879 |    93 |       ||  1801
       Bite              |     7 |    45 |    86 |   206 |   353 |   250 ||   947
       Punch             |       |     5 |     1 |       |       |       ||     6
       Spear             |       |       |    47 |    78 |    30 |       ||   155
       Flail             |       |       |       |   166 |   685 |   262 ||  1113
       Falchion          |       |       |       |       |   847 |   294 ||  1141
       Staff             |       |       |       |       |    13 |   488 ||   501
       Scimitar          |       |       |       |       |       |    61 ||    61
 Fire: Hunting sling     |       |       |     9 |    34 |    14 |       ||    57
Throw: Stone             |     1 |     1 |    44 |    44 |   169 |    71 ||   330
       Dart              |       |       |    11 |    27 |    52 |     5 ||    95
       Boomerang         |       |       |       |    64 |       |    22 ||    86
       Javelin           |       |       |       |       |    10 |    36 ||    46
       Throwing net      |       |       |       |       |     3 |     1 ||     4
 Cast: Bolt of Magma     |       |       |       |       |    15 |     5 ||    20
       Conjure Flame     |       |       |       |       |     2 |     4 ||     6
       Poisonous Vapours |       |       |       |       |     2 |       ||     2
       Summon Forest     |       |       |       |       |     4 |       ||     4
       Summon Mana Viper |       |       |       |       |     8 |       ||     8
       Portal Projectile |       |       |       |       |     1 |     3 ||     4
       Animate Skeleton  |       |       |       |       |       |    33 ||    33
       Silence           |       |       |       |       |       |     1 ||     1
Invok: Forget Spell      |       |       |       |       |       |     2 ||     2
 Abil: Evoke Invisibilit |       |       |       |     3 |       |       ||     3
Evoke: Wand              |       |       |     1 |       |     3 |       ||     4
  Use: Potion            |     1 |       |     1 |     6 |     1 |       ||     9
       Scroll            |       |       |    12 |    13 |    11 |     7 ||    43
 Stab: Sleeping          |       |     3 |     6 |    10 |    11 |    14 ||    44
       Invisible         |       |       |     2 |    22 |       |       ||    24
       Distracted        |       |       |       |     2 |     2 |     6 ||    10
       Held in net/web   |       |       |       |       |     3 |       ||     3
  Eat: Chunk             |     1 |     9 |    23 |    20 |    39 |    24 ||   116
       Ration            |       |       |       |     3 |     2 |       ||     5
Armor: Leather armour    |     5 |       |       |       |       |       ||     5
       Scale mail        |     1 |     7 |       |       |       |       ||     8
       Ring mail         |       |    81 |    84 |    66 |       |       ||   231
       Troll leather arm |       |       |       |    67 |   280 |   197 ||   544
       Acid dragon scale |       |       |       |       |       |    22 ||    22
Dodge: Dodged            |    47 |   277 |   245 |   618 |  1078 |   649 ||  2914
Block: Buckler           |       |       |   102 |   252 |   600 |   423 ||  1377
       Rpst.: Falchion   |       |       |       |       |   159 |    43 ||   202
       Scimitar          |       |       |       |       |       |     9 ||     9
